 Dungeon Crawl Stone Soup version bcrawl-1.38.2 (webtiles) character file.

Game seed: 3550366652073858567

116088 rlgrobin the Sneak (level 2, 30/30 HPs)
             Began as an Ent Sloth Apostle on Apr 27, 2023.
             Was an Initiate of Cheibriados.
             Quit the game on level 1 of the Dungeon.
             The game lasted 00:00:52 (416 turns).

rlgrobin the Sneak (Ent Sloth Apostle)               Turns: 416, Time: 00:00:53

Health: 30/30      AC:  9    Str: 20    XL:     2   Next: 41%
Magic:  3/3        EV:  6    Int: 13    God:    Cheibriados [......]
Gold:   17         SH:  8    Dex: 10    Spells: 2/3 levels left

rFire    . . .     GDR:     31% a - +0 mace
rCold    . . .     SeeInvis .   b - +0 medium shield
rNeg     + + +     Gourm    .   (armour unavailable)
rPois    +         Faith    .   (helmet restricted)
rElec    .         Spirit   .   (no cloak)
rCorr    .         Reflect  .   (gloves unavailable)
MR       .....                  (boots unavailable)
Stlth    ++........             (no amulet)
HPRegen  0.15/turn              (no ring)
MPRegen  0.08/turn              (no ring)

@: very slow
A: large, slow actions, passwall, strong branches, negative energy resistance 3,
poison resistance, slow metabolism 1, torment resistance, unbreathing, AC +9
a: Passwall, Bend Time, Renounce Religion


You were on level 1 of the Dungeon.
You worshipped Cheibriados.
Cheibriados was noncommittal.
You were not hungry.

You visited 1 branch of the dungeon, and saw 1 of its levels.

You collected 17 gold pieces.

Inventory:

Hand Weapons
 a - a +0 mace (weapon)
Armour
 b - a +0 medium shield (worn)
Wands
 c - a wand of paralysis (10)
Scrolls
 f - a scroll of fog {unknown}
 g - a scroll of noise {unknown}
 i - 2 scrolls of enchant weapon {unknown}
Potions
 d - a potion of curing {unknown}
 h - a potion of lignification {unknown}
Comestibles
 e - 3 rations {!d}


   Skills:
 + Level 2.3 Fighting
 + Level 2.6 Maces & Flails
 + Level 0.1 Dodging
 + Level 4.2 Stealth
 + Level 1.7 Shields
 + Level 1.2 Spellcasting
 + Level 2.1 Hexes
 - Level 0.8 Evocations


You had 2 spell levels left.
You knew the following spells:

 Your Spells              Type           Power        Failure   Level  Hunger
a - Slow                  Hex            #.......     61%         1    None
Your spell library was empty.

Dungeon Overview and Level Annotations

Branches:
Dungeon (1/12)

Altars:


Innate Abilities, Weirdness & Mutations

You move and act slowly.
You can pass through walls and trees.
Your branches can wield two-handed weapons with a shield.
Your thick bark is tough. (AC +9)
You are too large for most types of armour.
You are immune to negative energy. (rN+++)
Your system is resistant to poisons. (rPois)
You have a slow metabolism.
You are immune to unholy pain and torment.
You can survive without breathing.


Message History

You thump the dart slug!
You kill the dart slug!
Cheibriados appreciates the change of pace.
No target in view!
No target in view!
No target in view!
No target in view!
No target in view!
No target in view!
No target in view!
No target in view!
No target in view!
No target in view!
No target in view!
No target in view!
No target in view!
g - a scroll labeled AQURAB SYURCH
Found a stone staircase leading down.
No target in view!
Are you sure you want to abandon this character and quit the game? (Confirm with "yes".)

.# .. #. ###.## #.....
#.#..# #.##.#######
###########.##..@.$..#
.......................>
###########.###.##...#..
#.# #.# ...# ######.#
#.# ..# #......# #.# ..#
#.###[.###..#. (# #.#
#......... .# ######.#
#.#####..#


There were no monsters in sight!

Vanquished Creatures
  An ooze (D:1)
  A dart slug (D:1)
  A leopard gecko (D:1)
  A giant cockroach (D:1)
  A goblin (D:1)
  2 hobgoblins (D:1)
  2 frilled lizards (D:1)
  A kobold (D:1)
10 creatures vanquished.

Notes
Turn   | Place    | Note
-------+----------+-------------------------------------------
     0 | D:1      | rlgrobin the Ent Sloth Apostle began the quest for the Orb.
     0 | D:1      | Reached XP level 1. HP: 22/22 MP: 2/2
   115 | D:1      | Reached skill level 4 in Stealth
   164 | D:1      | Reached XP level 2. HP: 30/30 MP: 3/3
   416 | D:1      | Quit the game

Skill      XL: |  1 |
---------------+----+-----
Stealth        | 4 |  4.2
Fighting       | |  2.3
Maces & Flails | |  2.6
Dodging        | |  0.1
Shields        | |  1.7
Spellcasting   | |  1.2
Hexes          | |  2.1
Evocations     | |  0.8

Action                   || total
-------------------------++-------
Melee: Mace              ||    32
 Stab: Sleeping          ||     6
Armor: Skin              ||    14
Dodge: Dodged            ||     7
Block: Medium shield     ||    17
